 Dungeon Crawl Stone Soup version 0.31-a0-108-gdf935468f2 (webtiles) character file.

Game seed: 8875861767492937363

77 loir the Ducker (level 4, -4/35 HPs)
             Began as a Merfolk Gladiator on May 27, 2023.
             Slain by an orc
             ... wielding a +0 flail
              (6 damage)
             ... on level 3 of the Dungeon.
             The game lasted 00:05:54 (1624 turns).

loir the Ducker (Merfolk Gladiator)                 Turns: 1624, Time: 00:05:55

Health: -4/35      AC:  4    Str: 16    XL:     4   Next: 34%
Magic:  4/4        EV: 13    Int:  7    God:
Gold:   160        SH:  0    Dex: 15    Spells: 3/3 levels left

rFire   . . .        a - +0 trident
rCold   . . .        (no shield)
rNeg    . . .        b - +0 leather armour
rPois   .            c - +0 helmet
rElec   .            (no cloak)
rCorr   .            (no gloves)
SInv    .            (no boots)
Will    .....        (no amulet)
Stlth   +            (no ring)
HPRegen 0.25/turn    (no ring)
MPRegen 0.09/turn

%: no passive effects
@: no status effects
A: (nimble swimmer 2), mertail
a: no special abilities


You were on level 3 of the Dungeon.
You visited 1 branch of the dungeon, and saw 3 of its levels.

You collected 160 gold pieces.

Inventory:

Hand Weapons
 a - a +0 trident (weapon)
Missiles
 d - 3 throwing nets (quivered)
 e - a javelin
 f - 4 boomerangs
Armour
 b - a +0 leather armour (worn)
 c - a +0 helmet (worn)
Scrolls
 h - a scroll of poison {unknown}
 l - a scroll of blinking
 m - a scroll of enchant weapon {unknown}
Potions
 g - a potion of heal wounds
 i - a potion of enlightenment
 j - a potion of cancellation
 k - a potion of degeneration


   Skills:
 * Level 3.5 Fighting
 + Level 4.5 Polearms
 + Level 2.4 Throwing
 + Level 0.7 Armour
 + Level 4.5 Dodging


You had 3 spell levels left.
You didn't know any spells.
Your spell library was empty.

Dungeon Overview and Level Annotations

Branches:
Dungeon (3/15)

Altars:
Qazlal
Zin


Innate Abilities, Weirdness & Mutations

((You are very nimble when in or above water. (Stealth+, EV+, Speed+++)))
Your lower body shifts to a powerful aquatic tail in water.


Message History

You are too injured to fight recklessly!
You are too injured to fight recklessly!
You hit the orc priest.
The orc priest is lightly wounded.
The orc hits you with a +0 flail.
The orc priest hits you with a +0 short sword.
The orc completely misses you.
You hit the orc priest.
The orc priest is moderately wounded.
The orc hits you with a +0 flail.
* * * LOW HITPOINT WARNING * * *
The orc priest hits you with a +0 short sword.
* * * LOW HITPOINT WARNING * * *
The orc priest calls down the wrath of Beogh upon you.
You barely resist.
You hit the orc priest but do no damage.
The orc priest is moderately wounded.
The orc barely misses you. The orc priest misses you. The orc misses you.
You barely miss the orc priest.
The orc priest is moderately wounded.
The orc barely misses you.
The orc priest hits you with a +0 short sword.
* * * LOW HITPOINT WARNING * * *
The orc barely misses you.
You hit the orc priest but do no damage.
The orc priest is moderately wounded.
The orc misses you. The orc priest misses you.
The orc hits you but does no damage.
You barely miss the orc priest.
The orc priest is moderately wounded.
The orc hits you but does no damage. The orc priest misses you.
The orc hits you but does no damage.
You hit the orc priest but do no damage.
The orc priest is moderately wounded.
The orc hits you with a +0 flail.
* * * LOW HITPOINT WARNING * * *
The orc priest hits you with a +0 short sword.
* * * LOW HITPOINT WARNING * * *
The orc hits you with a +0 flail.
You die...

......#######
..........$..##
........Sb....# #
......#######.# #..
..........#...[.#.##...
..........#.....#.#....
..........#.._..#....oo .
#.........#.....#.#..o.
.###.. ...#.#$o@o.#.#....
...#.# #.##.###o###......
.....# #.##...roo†.......
#...####.##.######.......
####.......#.# ###....
.............# ....
......)......#### ...
...............<# ..
........[.......#


You could see an orc priest, an adder, 4 orcs, a quokka and a bat.

Vanquished Creatures
  2 adders (D:2)
  3 worms
  5 endoplasms
  2 giant cockroaches (D:2)
  9 goblins
  3 hobgoblins
  5 quokkas
  3 ball pythons
  4 bats
  2 frilled lizards
  4 kobolds
  5 rats
47 creatures vanquished.

Notes
Turn   | Place    | Note
-------+----------+-------------------------------------------
     0 | D:1      | loir the Merfolk Gladiator began the quest for the Orb.
     0 | D:1      | Reached XP level 1. HP: 16/16 MP: 1/1
   133 | D:1      | Reached XP level 2. HP: 15/23 MP: 2/2
   188 | D:1      | Found a faded altar of an unknown god.
   574 | D:1      | Found a stormy altar of Qazlal.
   746 | D:2      | Reached XP level 3. HP: 28/28 MP: 3/3
  1040 | D:2      | Reached XP level 4. HP: 30/35 MP: 4/4
  1543 | D:3      | Found a glowing silver altar of Zin.
  1624 | D:3      | Slain by an orc

Illustrated notes

Levels and vault maps discovered:
D:1:      dpeg_arrival_water_altar, layout_basic, ebering_ecumenical_altar_webs
D:2:      layout_basic, minmay_pentomino_o2
D:3:      layout_rooms, amcnicky_altar_gilded, serial_shops, shop, uniq_terence

Skill      XL: |  1  2  3 |
---------------+----------+-----
Fighting       | 3 |  3.5
Polearms       | |  4.5
Throwing       | |  2.4
Armour         | |  0.7
Dodging        | |  4.5

Action                     |  1- 3 |  4- 6 || total
---------------------------+-------+-------++-------
  Melee: Trident           |   101 |    58 ||   159
         Punch             |     1 |       ||     1
    Use: Scroll            |     5 |     2 ||     7
 Armour: Leather armour    |    19 |    16 ||    35
  Dodge: Dodged            |    47 |    41 ||    88

Table legend: (Time is in decaauts)
 A = Elapsed time spent in this place.
 B = Non-inter-level travel time spent in this place.
 C = Inter-level travel time spent in this place.
 D = Time resting spent in this place.
 E = Time spent auto-exploring this place.
 F = Levels seen in this place.
 G = Mean time per level.
                   A        B        C        D        E       F      G
               +--------+--------+--------+--------+--------+-----+--------+
         Total |   1634 |   1566 |     68 |      0 |   1213 |   3 |  544.7 |
       Dungeon |   1634 |   1566 |     68 |      0 |   1213 |   3 |  544.7 |
               +--------+--------+--------+--------+--------+-----+--------+

Top non-repeatable levels by time:
     D:2: 941 daAuts
     D:1: 594 daAuts
     D:3: 98 daAuts
